 Dungeon Crawl Stone Soup version 0.20.1-1-g8b1a95d (webtiles) character file.

80 Zhenya24pyc the Cudgeler (level 4, -4/28 HPs)
             Began as a Gargoyle Fighter on June 17, 2017.
             Killed by nerve-wracking pain
             ... invoked by Jessica
              (5 damage)
             ... on level 3 of the Dungeon on Oct 2, 2017.
             The game lasted 00:02:42 (1535 turns).

Zhenya24pyc the Cudgeler (Gargoyle Fighter)         Turns: 1535, Time: 00:02:44

Health: -4/28      AC: 10    Str: 20    XL:     4   Next: 39%
Magic:  4/4        EV:  7    Int:  9    God:
Gold:   91         SH:  9    Dex:  9    Spells: 3/3 levels left

rFire    . . .     SeeInvis .   a - +0 flail
rCold    . . .     Gourm    .   c - +0 shield
rNeg     + . .     Faith    .   b - +0 scale mail
rPois    ∞         Spirit   .   (no helmet)
rElec    +         Reflect  .   (no cloak)
rCorr    .         Harm     .   (no gloves)
MR       .....                  (no boots)
Stlth    ..........             (no amulet)
Regen    0.1/turn               (no ring)
MPRegen  0.1/turn               (no ring)

@: no status effects
A: negative energy resistance 1, electricity resistance, unbreathing,
petrification resistance, rot immunity, AC +3
a: no special abilities


You were on level 3 of the Dungeon.
You were hungry.

You visited 1 branch of the dungeon, and saw 3 of its levels.

You collected 91 gold pieces.

Inventory:

Hand Weapons
 a - a +0 flail (weapon)
Armour
 b - a +0 scale mail (worn)
 c - a +0 shield (worn)
Scrolls
 e - a scroll of amnesia {unknown}
 i - a scroll of magic mapping {unknown}
 n - a scroll of fear {unknown}
 p - 4 scrolls of teleportation {unknown}
Potions
 d - a potion of might
 h - a potion of mutation {unknown}
 j - a potion of heal wounds {unknown}
 k - a potion of agility
 l - a potion of invisibility {unknown}
 m - a potion of haste {unknown}
 o - a potion of curing {unknown}
Comestibles
 f - a bread ration
 g - a meat ration


   Skills:
 - Level 3.2 Fighting
 * Level 4.5 Maces & Flails
 - Level 3.2 Armour
 - Level 3.2 Shields


You had 3 spell levels left.
You didn't know any spells.

Dungeon Overview and Level Annotations

Branches:
Dungeon (3/15)

Altars:
Qazlal
Sif Muna
The Shining One

Annotations:
D:3 Jessica; Zhenya24pyc's ghost, amateur GrFi


Innate Abilities, Weirdness & Mutations

You are resistant to torment.
Your stone body is resilient. (AC +3)
You are immune to poison.
You resist negative energy. (rN+)
You are resistant to electric shocks. (rElec)
You can survive without breathing.
You are immune to petrification.
You are immune to rotting.


Message History

You are too injured to fight recklessly!
You barely miss the jackal.
The jackal bites you but does no damage.
You block Jessica's attack. You block Zhenya24pyc's ghost's attack.
The jackal barely misses you.
You hit Zhenya24pyc's ghost but do no damage.
Zhenya24pyc's ghost is heavily damaged.
Jessica hits you but does no damage. You block the jackal's attack.
Zhenya24pyc's ghost shouts, "What do you have that I didn't have?"
You block Zhenya24pyc's ghost's attack.
Jessica looks very angry.
Jessica hits you.
* * * LOW HITPOINT WARNING * * *
You hit Zhenya24pyc's ghost.
Zhenya24pyc's ghost is severely damaged.
The jackal bites you.
* * * LOW HITPOINT WARNING * * *
Jessica gestures at you while chanting. Pain shoots through your body!
You die...

.....# .....#
.....# .....#
.....# ##o....##
#####Whh.....
##...#@####.#
###)....@.....#
#.........#.#.#
#.#.......# #
####.##...#.......
#.......####.###.#
#.##.##.# .#
#.##....# ..
#.####..# ##.


You could see Zhenya24pyc's ghost, Jessica, an orc and 2 jackals.

Vanquished Creatures
  An adder (D:3)
  An ooze (D:1)
  A worm (D:2)
  A dart slug (D:1)
  2 leopard geckos
  An orc (D:3)
  6 bats
  5 giant cockroaches
  3 goblins
  7 hobgoblins
  7 jackals
  8 kobolds
  A quokka (D:2)
  A ball python (D:1)
  4 frilled lizards
  5 rats
54 creatures vanquished.

Notes
Turn   | Place    | Note
-------+----------+-------------------------------------------
     0 | D:1      | Zhenya24pyc the Gargoyle Fighter began the quest for the Orb.
     0 | D:1      | Reached XP level 1. HP: 14/14 MP: 1/1
    45 | D:1      | Reached XP level 2. HP: 12/19 MP: 2/2
   104 | D:1      | Reached skill level 3 in Maces & Flails
   330 | D:1      | Reached XP level 3. HP: 22/23 MP: 3/3
   935 | D:2      | Reached skill level 4 in Maces & Flails
  1010 | D:2      | Reached XP level 4. HP: 28/28 MP: 4/4
  1069 | D:2      | Found a glowing golden altar of the Shining One.
  1069 | D:2      | Found a deep blue altar of Sif Muna.
  1082 | D:2      | Found a stormy altar of Qazlal.
  1505 | D:3      | Noticed Jessica
  1515 | D:3      | Noticed Zhenya24pyc's ghost (amateur GrFi)
  1533 | D:3      | Upgraded the game from 0.20.0-15-g7f486f2 to 0.20.1-1-g8b1a95d
  1535 | D:3      | HP: 1/28 [jackal (1)]
  1535 | D:3      | Killed from afar by Jessica

Skill      XL: |  1  2  3 |
---------------+----------+-----
Maces & Flails | 3 4 |  4.5
Fighting       | |  3.2
Armour         | |  3.2
Shields        | |  3.2

Action                   |  1- 3 |  4- 6 || total
-------------------------+-------+-------++-------
Melee: Flail             |   169 |    62 ||   231
  Eat: Chunk             |     1 |     1 ||     2
Armor: Scale mail        |   115 |    30 ||   145
Dodge: Dodged            |    61 |    25 ||    86
Block: Shield            |    92 |    44 ||   136
